AoeStats
← Hardinger

Arabia

508253575Analyzed
2v2 RM · 10d ago on Sep 21, 2026· 33m 25s· 4 players
Game mode
Random Map
Map size
Medium (4 player)
Population
200
Speed
Normal
Resources
Standard
Victory
Conquest
Starting age
Dark Age
Ending age
Imperial Age
RankedLock teamsTeams togetherTeam positionsShared explorationLock speedFull tech treeHidden civsTurbo modeCheats
Victory
Defeat
🇨🇿 Vikings · Czechia
1134
+11
🇲🇽 Lithuanians · Mexico
1096
+13
🇦🇹 Magyars · Austria
1027
-12
🇦🇹 Inca · Austria
1027
-12
DA Fantasmic 11
6:48 Loom
9:00 Feudal Age
9:42 Double-Bit Axe
12:46 Scale Barding Armor
20:40 Castle Age
19:59 Bloodlines
20:03 Forging
19:49 Gold Mining
19:44 Horse Collar
22:00 Chain Barding Armor
25:38 Wheelbarrow
24:48 Town Watch
25:22 Bow Saw
28:19 Town Patrol
29:25 Iron Casting
30:45 Husbandry
33:44 Stone Mining
Azmir
9:51 Feudal Age
10:55 Double-Bit Axe
12:41 Loom
15:03 Fletching
22:46 Castle Age
21:09 Horse Collar
21:22 Gold Mining
23:32 Bodkin Arrow
23:01 Crossbowman
24:05 Bow Saw
24:22 Padded Archer Armor
25:56 Ballistics
29:15 Leather Archer Armor
35:24 Imperial Age
33:50 Heavy Plow
Manco Cápac
10:18 Feudal Age
11:03 Double-Bit Axe
11:01 Horse Collar
12:32 Wheelbarrow
11:59 Champi Runner
14:58 Scale Mail Armor
15:09 Forging
24:05 Castle Age
23:46 Fletching
25:01 Town Watch
24:47 Champi Warrior
Hardinger
12:36 Feudal Age
11:53 Loom
19:26 Castle Age
20:15 Double-Bit Axe
31:31 Scale Barding Armor
Connection lost

Rejoining the realm…

Still unreachable

The connection could not be restored.

Session expired

The server has moved on; the page needs a fresh start.